[Event "*** Titled Tuesday Blitz"]
[Site "Chess.com"]
[Date "2020.04.07"]
[Round "2"]
[White "Lony7"]
[Black "econpower"]
[Result "0-1"]
[WhiteElo "2451"]
[BlackElo "2734"]
[TimeControl "180+1"]
[EndTime "13:21:00 PDT"]
[Termination "econpower won on time"]

1. e4 c5 2. Nf3 d6 3. Bb5+ Nd7 4. Ba4 a6 5. c4 Nf6 6. Nc3 e6 7. O-O Be7 8. d4 cxd4 9. Qxd4 O-O 10. Bxd7 Bxd7 11.
Bg5 Bc6 12. Rfd1 Qc7 13. Rac1 Qb8 14. a4 Rd8 15. Qd3 b6 16. Nd4 Bb7 17. f3 Qc7 18. Be3 Rac8 19. Qd2 Qb8 20. b3 Nd7 21. Bg5 Nf6 22.
Be3 Nd7 23. Nde2 Nc5 24. Rb1 Bf8 25. h3 Bc6 26. Nd4 Be8 27. Kh1 g6 28. Bh6 Be7 29.
Bg5 Qb7 30. Bxe7 Qxe7 31. Qe3 h5 32. Nde2 h4 33. Nf4 Qg5 34. Nfd5 Qxe3 35. Nxe3 Kf8 36. Kg1 Ke7 37. Kf2 g5 38. Ke2 Bc6 39. Nc2 Bb7 40.
Nb4 Kf6 41. Nd3 Nxd3 42. Rxd3 Ke5 43. Ke3 Rd7 44. Rbd1 Rcd8 45. R3d2 f5 46. exf5 Kxf5 47. Rd4 Ke5 48. Ne4 Bxe4 49. Rxe4+ Kf6 50. Rdd4 d5 51. cxd5 Rxd5 52. Rxd5 Rxd5 53. Rb4 Rd6 54. f4 Rc6 55. Kf3 Kf5 56. fxg5 Kxg5 57. Rg4+ Kh5 58. Re4 Kg5 59. Re5+ Kf6 60. Re3 Kf5 61. g4+ hxg3 62. Kxg3 e5 63. h4 e4 64. h5 Rc8 65. Kh4 Rg8 66. Rg3 Rh8 67. Rg7 e3 68. Re7 Kf4 69. Re6 b5 0-1

[Event "*** Titled Tuesday Blitz"]
[Site "Chess.com"]
[Date "2020.04.07"]
[Round "2"]
[White "Lysiak_Poltorak"]
[Black "LikeWater"]
[Result "0-1"]
[WhiteElo "2343"]
[BlackElo "2692"]
[TimeControl "180+1"]
[EndTime "13:21:00 PDT"]
[Termination "LikeWater won by checkmate"]

1. d4 Nf6 2. c4 c5 3. d5 b5 4. cxb5 a6 5. bxa6 g6 6. Nc3 Bg7 7. Nf3 O-O 8. g3 d6 9. Bg2 Nbd7 10. O-O Nb6 11. Rb1 Bf5 12. Ra1 Ne4 13. Bd2 Nc4 14. Qc1 Ncxd2 15. Nxd2 Nxc3 16. bxc3 Qa5 17. e4 Bd7 18. Nc4 Qxa6 19. Ne3 Qd3 20. Nd1 Ra5 21. Re1 Qa6 22. Bf1 Qa7 23. a3 Ra8 24. Ra2 Rxa3 25. Rxa3 Qxa3 26. Qxa3 Rxa3 27. c4 Ra1 28. Be2 Ba4 29. Rf1 Ra2 30. Bf3 Bd4 31. Ne3 Bb3 32.
Rc1 Bxe3 33. fxe3 Kg7 34. Rc3 Rb2 35. Bg2 Kf6 36. Bf1 Ke5 37. Bd3 h5 38. Kh1 g5 39. Kg1 h4 40. gxh4 gxh4 41. h3 Kf6 42. Kh1 Kg7 43. Bf1 Kf6 44. Bd3 Ke5 45. Kg1 Ba2 46.
Ra3 Rd2 47. Kh1 Kf6 48. Kg1 Kg5 49. Kh1 Rb2 50. Kg1 Kf6 51. Bf1 Bb1 52. Bg2 Re2 53.
Bf1 Rd2 54. Bg2 Ke5 55. Ra7 Rd1+ 56. Kh2 Kf6 57. Ra8 Rd2 58. Ra3 Bxe4 59. Kg1 Rxg2+ 60. Kf1 Ke5 61. Ra8 Kf6 62. Re8 Rb2 63. Rd8 Bd3+ 64. Ke1 Bxc4 65. Rh8 Bxd5 66. Rxh4 c4 67. Rf4+ Ke5 68. h4 c3 69. h5 Rh2 70. Kd1 Bb3+ 71. Kc1 Rh1+ 72. Rf1 Rxf1# 0-1

[Event "*** Titled Tuesday Blitz"]
[Site "Chess.com"]
[Date "2020.04.07"]
[Round "2"]
[White "IwkooO"]
[Black "sergoy"]
[Result "0-1"]
[WhiteElo "2569"]
[BlackElo "2861"]
[TimeControl "180+1"]
[EndTime "13:21:01 PDT"]
[Termination "sergoy won by resignation"]

1. e4 c5 2. Nf3 d6 3. d4 cxd4 4. Nxd4 Nf6 5. Nc3 a6 6. Be3 e5 7.
Nb3 Be6 8. f3 Be7 9. Qd2 O-O 10.
O-O-O Nbd7 11. g4 b5 12. g5 Nh5 13. Rg1 Nb6 14. Nd5 Nxd5 15. exd5 Bf5 16. Bd3 Bxd3 17. Qxd3 f5 18. gxf6 Bxf6 19. Qf5 Nf4 20. Bxf4 exf4 21. Kb1 Kh8 22. Qd3 Re8 23. Nd4 Re3 24. Qd2 Qe7 25. Ne6 Be5 26. Rde1 Rxf3 27. Nxg7 Re3 28. Rxe3 fxe3 29. Qxe3 Rg8 30. Nf5 Rxg1+ 31. Qxg1 Qf6 32.
Qg4 Bxh2 33. Qh5 Qe5 34. a3 Kg8 35. Nh6+ Kg7 36. Qh3 Bf4 37. Nf5+ Kf6 38. Nh6 Qxd5 39. Ng4+ Kg5 40. Nh2 Qd1+ 41. Ka2 Qd5+ 42. Kb1 Bxh2 43. Qxh2 h5 44. Qg3+ Kf6 45. Qf4+ Kg6 46. Qg3+ Kf5 47.
Qh3+ Kf4 48. Qh4+ Ke3 49. Qg3+ Qf3 50. Qxd6 h4 51. Qe7+ Qe4 52. Qg5+ Kf2 53. Qd2+ Kg3 54. Qg5+ Kf3 55. Qf6+ Qf4 56. Qc6+ Kg3 57. Qg6+ Kf2 58. Qb6+ Kg2 59. Qc6+ Qf3 60. Qg6+ Kh1 61. Qd6 h3 62.
Qe5 h2 63. Qe1+ Kg2 64. Qd2+ Kh3 65. Qh6+ Kg3 66. Qg5+ Qg4 67. Qe3+ Qf3 68. Qg5+ Kf2 69. Qd2+ Kg1 70. Qe1+ Qf1 71. Qxf1+ Kxf1 0-1

[Event "*** Titled Tuesday Blitz"]
[Site "Chess.com"]
[Date "2020.04.07"]
[Round "2"]
[White "dmvlad"]
[Black "Tormoz"]
[Result "0-1"]
[WhiteElo "2315"]
[BlackElo "2679"]
[TimeControl "180+1"]
[EndTime "13:21:04 PDT"]
[Termination "Tormoz won by resignation"]

1. e4 e5 2. Nf3 Nf6 3. Nxe5 d6 4. Nf3 Nxe4 5. d4 d5 6. Bd3 Nc6 7. O-O Bg4 8. Re1 Be7 9. c4 Nf6 10. cxd5 Bxf3 11. Qxf3 Qxd5 12. Qxd5 Nxd5 13. Nc3 Ndb4 14. Be4 Nxd4 15. Rd1 O-O-O 16. a3 Nb3 17. Bf5+ Kb8 18.
Rb1 Rxd1+ 19. Nxd1 Nc6 20. Bf4 Ncd4 21. Bd3 Rd8 22.
Bc4 Na5 23. Bf1 Ne6 24. Be3 Nc6 25. Nc3 Ne5 26. Ne4 f5 27. Nc3 f4 28. Bc1 g5 29. h3 Nc5 30. f3 Ncd3 31. h4 Bc5+ 32. Kh2 g4 33. Ne4 g3+ 34. Kh3 Nf2+ 35. Nxf2 gxf2 36.
Bxf4 Ng6 37. Bg5 Rd4 38. h5 Nf4+ 39. Kh2 Nxh5 40. g4 Nf4 41. Bxf4 Rxf4 42. Kg3 Rf8 43. Rd1 a6 44. Be2 Re8 45. Bf1 Ka7 46. Kg2 Re1 47.
Rd7 Bb6 48. Rxh7 Rb1 49. b4 Rb3 50. g5 Re3 51. g6 Bd4 52. Rf7 Re8 53. f4 c5 54. f5 cxb4 55. axb4 Rg8 56. Kf3 Kb6 57. Bd3 a5 58. Ke2 axb4 59. f6 b3 60. g7 b2 61. Rf8 Bxf6 62. Rf7 Bxg7 63. Rxf2 Bd4 64.
Rf7 Re8+ 65. Kd2 Rd8 66. Kc2 Be5 67. Re7 Rxd3 68. Rxe5 Rb3 69. Kb1 Rb5 70. Re2 Ka5 71. Rc2 Ka4 72. Rc3 Rb4 73. Rc2 Kb3 74. Rxb2+ Kc4 75. Rxb4+ Kxb4 76. Kb2 b5 77. Kc2 Ka3 78.
Kb1 Kb3 79. Ka1 Kc2 80. Ka2 b4 0-1

[Event "*** Titled Tuesday Blitz"]
[Site "Chess.com"]
[Date "2020.04.07"]
[Round "2"]
[White "David_Paravyan"]
[Black "Gentlejimmy7"]
[Result "1-0"]
[WhiteElo "2976"]
[BlackElo "2603"]
[TimeControl "180+1"]
[EndTime "13:21:05 PDT"]
[Termination "David_Paravyan won by resignation"]

1. e4 e5 2. Nf3 Nc6 3. Bb5 a6 4. Ba4 Nf6 5. O-O Be7 6. Re1 b5 7. Bb3 O-O 8. a4 b4 9. d4 d6 10.
dxe5 Nxe5 11. Nbd2 a5 12. Nxe5 dxe5 13. Nc4 Nd7 14.
Qd5 Ra6 15. Nxa5 Bc5 16. Nc4 Bd4 17. Ne3 Nc5 18. Qxd8 Rxd8 19. Nd5 Nxb3 20. cxb3 c5 21. Ne7+ Kf8 22. Nxc8 Rxc8 23. Rb1 c4 24. bxc4 b3 25.
Be3 Rxc4 26. Bxd4 Rxd4 27. Re3 Raxa4 28. f3 Rd2 29. Rxb3 Ra2 30. Rb8+ Ke7 31. Rb7+ Kf6 32. h4 g6 33. Kh2 h5 34. Kh3 Rc2 35. Rb6+ Kg7 36.
Rb5 Kf6 37. Rb6+ Kg7 38. Rb5 Kf6 39. g4 hxg4+ 40. fxg4 Re2 41. Rf1+ Kg7 42. Rb7 Re3+ 43. Kh2 Re2+ 44. Kg3 Re3+ 45. Kg2 Re2+ 46. Kh1 Raxb2 47.
Rfxf7+ Kg8 48. Rg7+ Kf8 49. Rxb2 Rxb2 50. Rxg6 Re2 51.
h5 Rxe4 52. Kg2 Kf7 53. Rg5 Ra4 54. Kg3 e4 55. Rf5+ Kg7 56. Re5 Kh6 57. Kh4 Rb4 58. g5+ Kg7 59. h6+ Kg6 60. Re6+ Kf5 61. Rf6+ Ke5 62. h7 Rb8 63. Kh5 e3 64. Rf7 e2 65.
Re7+ Kf5 66. Rxe2 Rb1 67. Rf2+ Ke6 68. Rh2 Rb8 69. Kg6 Ke7 70. h8=Q 1-0

[Event "*** Titled Tuesday Blitz"]
[Site "Chess.com"]
[Date "2020.04.07"]
[Round "2"]
[White "OhanyanEminChess"]
[Black "Msb2"]
[Result "0-1"]
[WhiteElo "2592"]
[BlackElo "2929"]
[TimeControl "180+1"]
[EndTime "13:21:05 PDT"]
[Termination "Msb2 won on time"]

1. e4 e6 2. d4 d5 3. Nc3 Nf6 4.
e5 Nfd7 5. f4 c5 6. Nf3 Nc6 7.
Be3 a6 8. Qd2 b5 9. dxc5 Bxc5 10. Bd3 Qb6 11. Bf2 h6 12. O-O Bb7 13. Bxc5 Nxc5 14. Qf2 b4 15. Ne2 a5 16. Ned4 Ne4 17. Qe3 Ba6 18. Rfe1 O-O 19. Nxc6 Qxc6 20. Nd4 Qb6 21.
Bxe4 dxe4 22. Qxe4 Rfd8 23. Rad1 Rac8 24. Kh1 Rc4 25. c3 bxc3 26. bxc3 Rxc3 27. Nf3 Rcd3 28. Rxd3 Bxd3 29. Qe3 Qxe3 30. Rxe3 Bc4 31. Kg1 Rd1+ 32.
Kf2 Ra1 33. a3 Ra2+ 34. Kg3 Bd5 35. Kh3 a4 36. g3 Kh7 37. Nd4 g5 38. fxg5 hxg5 39.
g4 Kg7 40. Nb5 Rb2 41. Nc3 Bc6 42. Kg3 Rb3 43. Nd1 Rb1 44. Nc3 Rg1+ 45. Kh3 Ra1 46. Ne2 Kg6 47. Nd4 Bd5 48. Kg3 Ra2 49. Ne2 Rb2 50.
Nd4 Rb1 51. Ne2 Kg7 52. Nd4 Rg1+ 53. Kh3 Bg2+ 54. Kg3 Bd5+ 55. Kh3 Rf1 56. Kg3 Rf4 57. Ne2 Rc4 58. Nc3 Bc6 59. Ne2 Be4 60. Nc3 Bb7 61. Ne2 Kf8 62. Nc3 Ke7 63. Ne2 Rc2 64. Nd4 Rb2 65. Ne2 Bd5 66. Nc3 Bb3 67. Ne4 Ra2 68.
Nf6 Rxa3 69. Rd3 Bd5 0-1

[Event "*** Titled Tuesday Blitz"]
[Site "Chess.com"]
[Date "2020.04.07"]
[Round "2"]
[White "Treacherous_horse64"]
[Black "vova-79"]
[Result "1/2-1/2"]
[WhiteElo "2160"]
[BlackElo "2427"]
[TimeControl "180+1"]
[EndTime "13:21:07 PDT"]
[Termination "Game drawn by repetition"]

1. d4 d5 2. Nf3 Nf6 3. e3 c6 4. Nbd2 Bg4 5. c4 Nbd7 6. b4 e5 7.
dxe5 Nxe5 8. Qb3 dxc4 9. Bxc4 Nxc4 10. Nxc4 Be7 11. Bb2 O-O 12. O-O Bxf3 13. gxf3 Qd5 14.
f4 Qh5 15. Bxf6 Bxf6 16. Rad1 Rad8 17. f3 Rxd1 18. Qxd1 Rd8 19. Qe2 Qd5 20. a3 g6 21.
Na5 b6 22. Nc4 c5 23. Rf2 cxb4 24. axb4 Bc3 25. Ne5 Bxe5 26. fxe5 Qxe5 27. Kg2 Re8 28. e4 Qg5+ 29. Kh1 Rc8 30. Rf1 Qf4 31. Qd3 h5 32. Kg2 Re8 33. Rf2 Re5 34. Qd8+ Kh7 35. h4 Rb5 36.
Rb2 a5 37. Rc2 Rxb4 38. Qe7 Rb3 39. Rf2 Rd3 40. e5 Rd2 41. e6 Rxf2+ 42. Kxf2 Kg7 43. exf7 Qxf7 44. Qe5+ Qf6 45. Qc7+ Kh6 46. Qb8 Qxh4+ 47. Kg2 Qg5+ 48. Kf2 Qc5+ 49. Kg2 a4 50. Qh8+ Kg5 51.
Qd8+ Kf5 52. Qd7+ Kf6 53. Qxa4 b5 54. Qf4+ Kg7 55. Qh4 Qc2+ 56. Kg3 Qc7+ 57. Kg2 Qb7 58. Qd4+ Kh7 59. Qb4 Qd7 60. Qc5 Qf5 61. Qe7+ Kh6 62. Qe8 Qg5+ 63. Kh2 Qh4+ 64. Kg2 Qc4 65. Qh8+ Kg5 66.
Qe5+ Kh6 67. Qh8+ Kg5 68. Qe5+ Kh6 69. Qh8+ 1/2-1/2

[Event "*** Titled Tuesday Blitz"]
[Site "Chess.com"]
[Date "2020.04.07"]
[Round "2"]
[White "Shivagami"]
[Black "LlambiPasku"]
[Result "1-0"]
[WhiteElo "2156"]
[BlackElo "2407"]
[TimeControl "180+1"]
[EndTime "13:21:09 PDT"]
[Termination "Shivagami won on time"]

1. d4 d5 2. Bf4 Nf6 3. e3 e6 4. Nd2 Bd6 5. Bg3 O-O 6. Bd3 c5 7. c3 Nc6 8. Ngf3 b6 9. Qe2 Bb7 10.
Rd1 Qc7 11. Bh4 Be7 12. e4 cxd4 13. e5 dxc3 14. exf6 cxd2+ 15. Nxd2 Bxf6 16. Bxf6 gxf6 17. Bxh7+ Kh8 18. Bd3 Qe5 19. Nf3 Qxe2+ 20. Kxe2 e5 21. Nh4 Ne7 22. Nf5 Nxf5 23. Bxf5 d4 24. Rc1 Kg7 25. f3 Rad8 26. Rc7 Ba6+ 27. Kd2 Rd6 28. h4 Bc4 29. Rxc4 Rh8 30. Rc7 a5 31. Rh3 Rf8 32. Rg3+ Kh6 33. h5 Kxh5 34. Rh3+ Kg5 35. Bg4 f5 36. Rh5+ Kf4 37. Rxf5+ Kg3 38. Rg5 f6 39. Rgg7 Kf2 40. Kd3 f5 41. Rc2+ Kg1 42. Bh3 e4+ 43.
fxe4 fxe4+ 44. Kxe4 d3 45. Rd2 Re8+ 46. Kf3 Rf6+ 47.
Kg3 Rd6 48. Bf5 Re1 49. Bxd3 Re3+ 50. Kg4 Rexd3 51. Rxd3 Rxd3 52. Rg6 b5 53. Rg5 Rd4+ 54. Kf3 Rb4 55. b3 a4 56. bxa4 bxa4 57. Ra5 Kf1 58.
Rg5 Ke1 59. Rg4 Rb2 60. Rxa4 Kf1 61. g4 Rf2+ 62. Ke4 Re2+ 63. Kf5 Rf2+ 64. Kg6 Rg2 65. g5 Kg1 66. Kf6 Rg4 67. Rxg4+ Kf2 68. g6 Ke3 69. Rg5 Ke4 70. g7 1-0

[Event "*** Titled Tuesday Blitz"]
[Site "Chess.com"]
[Date "2020.04.07"]
[Round "2"]
[White "beccrajoy"]
[Black "eCztery"]
[Result "1-0"]
[WhiteElo "1790"]
[BlackElo "2371"]
[TimeControl "180+1"]
[EndTime "13:21:09 PDT"]
[Termination "beccrajoy won by checkmate"]

1. e4 c5 2. Nf3 Nc6 3. d4 cxd4 4. Nxd4 g6 5. Nc3 Bg7 6. Be3 Nf6 7. Nxc6 bxc6 8. e5 Ng8 9. Bd4 Qc7 10. f4 Nh6 11. e6 O-O 12. Bxg7 Kxg7 13. Qd4+ f6 14.
exd7 Bxd7 15. O-O-O Bg4 16. Be2 Nf5 17. Qd7 Qxf4+ 18.
Kb1 Rfd8 19. Qxc6 Rac8 20. Qb7 Rxc3 21. Bxg4 Rxd1+ 22. Rxd1 Qxg4 23. Rc1 Re3 24. Qxa7 Qe4 25. a4 Re1 26. Rxe1 Qxe1+ 27. Ka2 Qe2 28. Qc5 Qxg2 29. a5 Qe2 30. c4 Nd6 31. Kb3 Qd3+ 32. Kb4 Qd2+ 33. Kb3 Qd1+ 34. Kb4 Qc2 35. b3 Qd2+ 36.
Ka3 Qxh2 37. a6 Qg2 38. Qc7 Qe4 39. a7 Qd4 40. Qxe7+ Kh6 41. Qf8+ Kh5 42. Qb8 Nxc4+ 43. bxc4 Qc3+ 44. Qb3 Qa5+ 45. Qa4 Qc3+ 46. Ka2 Qd2+ 47. Kb3 Qd1+ 48. Kb4 Qd6+ 49. c5 Qd4+ 50. Kb5 Qd7+ 51. c6 Qd3+ 52. Kb6 Qe3+ 53. Kb7 Qe7+ 54. c7 Qe4+ 55. Qc6 Qb4+ 56. Ka8 f5 57. c8=Q f4 58. Qf3+ Kg5 59. Qd8+ Kh6 60. Qh3+ Kg7 61. Qdd7+ Kf6 62. Qhe6+ Kg5 63. Qg4+ Kh6 64. Qh4# 1-0

[Event "*** Titled Tuesday Blitz"]
[Site "Chess.com"]
[Date "2020.04.07"]
[Round "2"]
[White "Lagmantr"]
[Black "biostatistician"]
[Result "0-1"]
[WhiteElo "2727"]
[BlackElo "2519"]
[TimeControl "180+1"]
[EndTime "13:21:15 PDT"]
[Termination "biostatistician won by resignation"]

1. e4 e6 2. d4 d5 3. Nc3 Nc6 4.
e5 f6 5. f4 Nh6 6. Nf3 Bb4 7.
a3 Ba5 8. b4 Bb6 9. Na4 O-O 10.
Nxb6 axb6 11. c3 Bd7 12. Bd3 Be8 13. Qc2 f5 14. O-O Bh5 15. Be3 Bxf3 16. Rxf3 Qe7 17. h3 Ra7 18. a4 g6 19. Qb3 Kg7 20. Rff1 Rfa8 21. Rfb1 Nb8 22. c4 c6 23. b5 Nd7 24.
Bf2 Nf7 25. Qc2 h6 26. h4 h5 27. Be2 Nh6 28. c5 bxc5 29. dxc5 Ng4 30. Bxg4 fxg4 31. g3 Qf7 32. Bd4 Qf5 33. Qxf5 gxf5 34. Rb4 Kf7 35. bxc6 bxc6 36. Kf2 Ke7 37. Ke3 Kd8 38. Kd3 Kc7 39. Kc3 Ra5 40. Kb3 Nxc5+ 41. Bxc5 Rxc5 42.
Rb1 Rca5 43. Ka3 R8a7 44. Rc1 c5 45. Kb3 Kc6 46. Rb8 c4+ 47. Kc3 Rxa4 48. Rcb1 Ra3+ 49. Kd2 Ra2+ 50. Kc3 R7a3+ 51. Kb4 Ra4+ 52. Kc3 R2a3+ 53. Kd2 d4 54. R8b6+ Kd5 55. Rd6+ Ke4 56. Re1+ Re3 57. Rb1 c3+ 58. Kc2 Re2+ 59. Kb3 Raa2 60. Rd1 Rad2 61. Rc1 c2 62. Rxe6 d3 63. Rc6 Rd1 64. Kb2 Rxc1 65. Kxc1 Re1+ 66. Kb2 Rb1+ 67. Ka2 c1=Q 68. Rxc1 Rxc1 69.
Kb2 Rc8 70. e6 d2 71. e7 d1=Q 72. e8=Q+ Rxe8 0-1

[Event "*** Titled Tuesday Blitz"]
[Site "Chess.com"]
[Date "2020.04.07"]
[Round "2"]
[White "Gabrielian_Artur"]
[Black "Stameny"]
[Result "1/2-1/2"]
[WhiteElo "2736"]
[BlackElo "2473"]
[TimeControl "180+1"]
[EndTime "13:21:19 PDT"]
[Termination "Game drawn - insufficient material"]

1. e4 c5 2. Nc3 g6 3. g3 Bg7 4. Bg2 Nc6 5. d3 e6 6. Be3 d6 7. Qd2 h6 8. Nge2 Nd4 9. O-O Ne7 10. Nd1 Rb8 11. c3 Nxe2+ 12. Qxe2 b5 13. Qd2 b4 14. c4 Nc6 15. f4 Nd4 16. Nf2 O-O 17. b3 f5 18. Rae1 a5 19. e5 Bb7 20.
Bxd4 Bxg2 21. Kxg2 cxd4 22. exd6 Qxd6 23. Qe2 Rfe8 24.
Nh3 a4 25. Ng1 e5 26. fxe5 Rxe5 27. Qf3 axb3 28. Rxe5 Qxe5 29. axb3 Re8 30. Rf2 Qe1 31. Re2 Rxe2+ 32. Qxe2 Qxe2+ 33. Nxe2 Be5 34. Kf3 Kf7 35. h3 h5 36. Nf4 Bd6 37. h4 Kf6 38. Nd5+ Ke5 39.
Nf4 Kf6 40. Ne2 Ke5 41. Ng1 Ke6 42. Kg2 f4 43. gxf4 Bxf4 44. Ne2 Be5 45. Kf3 Kf5 46. Ng1 Bf6 47. Ne2 Ke5 48. Nf4 Kf5 49. Nd5 Bxh4 50. Nxb4 g5 51. Nc6 g4+ 52. Kg2 Bf6 53.
b4 Ke6 54. b5 Kd6 55. Nb4 h4 56. Na6 Be5 57. c5+ Kd5 58. c6 h3+ 59. Kf2 g3+ 60.
Kf3 g2 61. c7 Bxc7 62. Nxc7+ Kd6 63. Ne8+ Kc5 64. Kf2 Kxb5 65. Nd6+ Kb4 66. Ne4 Kb3 67. Kg1 Kc2 68. Nf2 Kd2 69. Nxh3 Kxd3 70. Kxg2 Kc2 71.
Nf4 d3 72. Nxd3 1/2-1/2

[Event "*** Titled Tuesday Blitz"]
[Site "Chess.com"]
[Date "2020.04.07"]
[Round "2"]
[White "Alopekos"]
[Black "NMZanette"]
[Result "1-0"]
[WhiteElo "2444"]
[BlackElo "2166"]
[TimeControl "180+1"]
[EndTime "13:21:20 PDT"]
[Termination "Alopekos won by resignation"]

1. e4 e5 2. Nf3 Nc6 3. Bb5 a6 4. Ba4 Nf6 5. O-O Be7 6. Re1 b5 7.
Bb3 d6 8. a4 Bg4 9. c3 O-O 10.
h3 Bxf3 11. Qxf3 Na5 12. Bc2 b4 13. d4 Rb8 14. Nd2 c5 15. dxe5 dxe5 16. Bd3 Qb6 17. Nc4 Nxc4 18. Bxc4 Ne8 19. a5 Qb7 20. Be3 Nc7 21. Qg3 bxc3 22. bxc3 Qxe4 23. Ra4 Qf5 24. Bh6 Qg6 25. Qxg6 hxg6 26. Bc1 Bf6 27. Ba3 Nb5 28.
Bxc5 Rfc8 29. Bb6 Nxc3 30. Rb4 e4 31. Bxa6 Rd8 32. Rb3 Nd5 33. Rxe4 g5 34. g3 g6 35. Kg2 Kg7 36. Bc4 Nxb6 37. axb6 Rd6 38. b7 Rd7 39.
Ba6 Rd6 40. Be2 Rd7 41. Reb4 Be7 42. Rb5 Bd6 43. Bf3 Re7 44. Rd3 Bc7 45. Rxg5 f6 46. Rgd5 f5 47. Rd7 Re8 48. Rxe7+ Rxe7 49. Rc3 Be5 50. Rc5 Bd6 51. Rc6 Bb8 52. Rc8 Ba7 53. b8=Q Bxb8 54. Rxb8 Kf6 55. Rb7 Re6 56. h4 Rd6 57.
Rb8 Ra6 58. Rc8 Ke5 59. Rc6 Rxc6 60. Bxc6 f4 61. g4 Kf6 62. Kf3 g5 63. h5 Kg7 64.
Ke4 Kf6 65. Be8 Kg7 66. Kf5 Kh6 67. Kf6 Kh7 68. Kxg5 Kg7 69. Kxf4 1-0

[Event "*** Titled Tuesday Blitz"]
[Site "Chess.com"]
[Date "2020.04.07"]
[Round "2"]
[White "Jabberwockiez"]
[Black "SmirnovTimofey2000"]
[Result "0-1"]
[WhiteElo "2289"]
[BlackElo "2529"]
[TimeControl "180+1"]
[EndTime "13:21:23 PDT"]
[Termination "SmirnovTimofey2000 won by resignation"]

1. e4 c5 2. Nc3 Nc6 3. Nf3 e5 4. Bc4 Be7 5. d3 d6 6. Nd2 Nf6 7. Nf1 Be6 8. Ne3 O-O 9. O-O a6 10. a4 Nb4 11. Ncd5 Nbxd5 12. exd5 Bd7 13. f4 exf4 14. Rxf4 b5 15. Bb3 Ne8 16. Nf5 Bg5 17.
Rf1 Bxc1 18. Qxc1 Qf6 19. Qf4 Bxf5 20. Qxf5 Qxf5 21. Rxf5 Nf6 22. Raf1 Nd7 23. c3 Rab8 24. axb5 axb5 25. d4 c4 26. Bc2 Ra8 27. Rh5 g6 28.
Rh3 Rfe8 29. Rhf3 Re7 30. h4 Ra2 31. Rb1 h5 32. Kh2 Nb6 33. Rf2 Nxd5 34. Bd1 Nxc3 35. Rc1 Nxd1 36. Rxd1 Re3 37. Rfd2 Rb3 38. Rb1 c3 39.
bxc3 Rxb1 40. Rxa2 Rb3 41. Ra8+ Kg7 42. Rc8 Kf6 43.
Kg3 Ke6 44. Kf4 Kd7 45. Rb8 Kc6 46. Ke4 Kc7 47. Rf8 f5+ 48. Kd5 Rxc3 49. Rf7+ Kb6 50. Kxd6 b4 51. Rf8 Rc6+ 52. Kd7 Rc7+ 53. Kd6 b3 54. Re8 b2 55. Re1 Rc1 56. Re8 b1=Q 57. Rb8+ Ka5 58. Rxb1 Rxb1 59. Ke6 Rd1 60. d5 Kb6 61. Kf6 Rxd5 62. Kxg6 f4 63. Kf6 Kc6 64.
Ke6 Ra5 65. Kf6 Kd6 66. Kg6 Ke6 67. Kh6 Rf5 68. Kg6 Ke5 69. Kh6 f3 70. gxf3 Kf4 71.
Kg6 Ra5 72. Kh6 Kxf3 73. Kg6 Kg4 74. Kh6 Kxh4 75. Kg6 Kg4 0-1

[Event "*** Titled Tuesday Blitz"]
[Site "Chess.com"]
[Date "2020.04.07"]
[Round "2"]
[White "Bambi2006"]
[Black "BvsN"]
[Result "1/2-1/2"]
[WhiteElo "2498"]
[BlackElo "2291"]
[TimeControl "180+1"]
[EndTime "13:21:29 PDT"]
[Termination "Game drawn by stalemate"]

1. d4 d5 2. Nf3 Nf6 3. c4 c6 4. g3 Bf5 5. Bg2 e6 6. O-O Nbd7 7. Nbd2 Bd6 8. b3 O-O 9. Nh4 Bg4 10. h3 Bh5 11. g4 Bg6 12. Nxg6 hxg6 13. Bb2 e5 14.
dxe5 Bxe5 15. Bxe5 Nxe5 16. Nf3 Nxf3+ 17. Bxf3 dxc4 18.
bxc4 Qa5 19. Qb3 Rab8 20. Rfd1 Rfe8 21. e3 Qg5 22. Rd4 Qh4 23. Kg2 Nh7 24. Rh1 Ng5 25.
Be2 Ne4 26. Rf1 Ng5 27. Rh1 Ne4 28. Rf1 Re6 29. Qb1 Ng5 30. Rh1 Rbe8 31. Rf4 b6 32. a4 Re4 33. Rxe4 Nxe4 34. Qe1 Qf6 35. Bf3 Ng5 36.
Qe2 Rd8 37. h4 Nxf3 38. Qxf3 Qxf3+ 39. Kxf3 Rd3 40. a5 Rc3 41. axb6 axb6 42. Rb1 Rxc4 43. Rxb6 Rc5 44. Rb8+ Kh7 45. Rb7 Kg8 46. Rc7 Rc4 47. Rc8+ Kh7 48. Rf8 f6 49. Rf7 Rc2 50. h5 gxh5 51.
gxh5 Kg8 52. Rc7 Rc5 53. Kg4 Rg5+ 54. Kh4 Rc5 55. f4 Rc3 56. e4 Rc4 57. Kg4 Rxe4 58. Rc8+ Kf7 59. Rxc6 Re7 60. Kf5 Ra7 61. Rd6 Ra5+ 62.
Kg4 Rb5 63. Rd7+ Kf8 64. Kh4 Ra5 65. Rd6 Rb5 66. h6 gxh6 67. Rxf6+ Kg7 68. Re6 Ra5 69. Kg4 Rb5 70. Re7+ Kf6 71. Rh7 Kg6 72. Rh8 Kg7 73.
Rd8 Ra5 74. f5 Ra4+ 75. Kh5 Ra6 76. Rd7+ Kf8 77. Rd5 Rb6 78. Re5 Ra6 79. Re4 Rb6 80. Rg4 Ra6 81. Rg6 Rxg6 82. fxg6 Kg7 83. Kh4 Kxg6 84. Kg4 h5+ 85. Kh4 Kh6 86. Kh3 Kg5 87. Kg3 h4+ 88. Kh3 Kh5 89. Kh2 Kg4 90. Kg2 h3+ 91. Kh2 Kh4 92. Kh1 Kg3 93. Kg1 h2+ 94.
Kh1 Kh3 1/2-1/2

[Event "*** Titled Tuesday Blitz"]
[Site "Chess.com"]
[Date "2020.04.07"]
[Round "2"]
[White "DDTerziev04"]
[Black "Didici"]
[Result "1-0"]
[WhiteElo "2257"]
[BlackElo "2635"]
[TimeControl "180+1"]
[EndTime "13:21:32 PDT"]
[Termination "DDTerziev04 won on time"]

1. e4 e5 2. Nf3 Nc6 3. Bc4 Nf6 4. d3 Bc5 5. O-O d6 6. c3 a6 7. Bb3 h6 8. Nbd2 Ba7 9. Re1 g5 10. Rf1 g4 11. Ne1 h5 12. Nc4 g3 13. Be3 Ng4 14.
Bxa7 Rxa7 15. fxg3 h4 16. Qf3 f5 17. exf5 Qg5 18. h3 Nf6 19. g4 Bd7 20. Ne3 Ne7 21. d4 Bc6 22. d5 Bd7 23. c4 a5 24. Bc2 a4 25. Be4 Neg8 26. Nd3 Nxe4 27. Qxe4 Nf6 28. Qf3 Rg8 29. Nf2 Kd8 30. Ne4 Nxe4 31.
Qxe4 Qf6 32. b3 a3 33. Rf2 Rf8 34. Raf1 Qg5 35. Nc2 Qf6 36. Ne1 Ra8 37. Nf3 c5 38. g5 Qxf5 39. Qxh4 Kc7 40. Nd4 exd4 41. Rxf5 Rxf5 42.
Rxf5 Bxf5 43. Qf4 Rf8 44. g4 d3 45. gxf5 Re8 46. Kf1 Re5 47. Qd2 Re2 48. Qxd3 Rxa2 49.
f6 Ra1+ 50. Kg2 a2 51. Qc3 Rd1 52. f7 a1=Q 53. Qxa1 Rxa1 54. f8=Q Re1 55. Kg3 Re3+ 56.
Kg4 Re4+ 57. Kh5 Rh4+ 58. Kg6 Kb6 59. Qf7 Rxh3 60. Qf6 Rxb3 61. Kf7 Rb4 62. g6 Rxc4 63. g7 Rd4 64. g8=Q Rxd5 65. Qgd8+ Kb5 66. Qc7 Rd4 67. Qd7+ Kc4 68. Qdxd6 Rxd6 69. Qxd6 b5 70. Ke6 b4 71. Qg3 b3 72. Ke5 1-0

[Event "*** Titled Tuesday Blitz"]
[Site "Chess.com"]
[Date "2020.04.07"]
[Round "2"]
[White "tamarozi99"]
[Black "Budisavljevic"]
[Result "0-1"]
[WhiteElo "1926"]
[BlackElo "2414"]
[TimeControl "180+1"]
[EndTime "13:21:38 PDT"]
[Termination "Budisavljevic won on time"]

1. e4 c5 2. Nf3 e6 3. d4 cxd4 4. Nxd4 a6 5. c4 Nf6 6. Nc3 Qc7 7. a3 b6 8. Be2 Bb7 9. f3 Be7 10. Be3 O-O 11. O-O d6 12. Qd2 Nbd7 13. b4 Rac8 14. Rac1 Qb8 15. Nb3 Rfe8 16. Rfd1 Bd8 17. Bf4 Ne5 18.
Bxe5 dxe5 19. c5 bxc5 20. Nxc5 a5 21. Nb5 Be7 22. Nd6 Bxd6 23. Qxd6 axb4 24. Qxb8 Rxb8 25. axb4 Ba8 26. Rb1 Rec8 27. Na6 Rb6 28. b5 Kf8 29. Rbc1 Rxc1 30. Rxc1 Bb7 31. Rc7 Ne8 32. Rd7 Bc8 33. Rd2 Ke7 34. Kf2 Nd6 35. Nc7 Bd7 36. Rb2 Rb7 37.
b6 Nc8 38. Na8 Bc6 39. Ba6 Rb8 40. b7 Nd6 41. Rc2 Bxb7 42. Rc7+ Kd8 43. Bxb7 Rxb7 44. Rxb7 Nxb7 45. Nb6 Nd6 46. g3 Kc7 47. Na4 Kc6 48.
Nc3 f5 49. Ke3 Kc5 50. Kd3 f4 51. g4 Nf7 52. h4 Nh8 53. Na4+ Kb4 54. Nb6 Kc5 55.
Nd7+ Kd6 56. Nb6 Nf7 57. Nc4+ Kc5 58. g5 Kb4 59. Nb6 Kc5 60. Nd7+ Kd6 61. Nb6 h6 62. Nc4+ Ke7 63. g6 Nh8 64. Nxe5 Kf6 65. Kd4 Nxg6 66.
Nxg6 Kxg6 67. Ke5 Kh5 68. Kxe6 g5 69. hxg5 hxg5 70. Kf6 g4 71. fxg4+ Kxg4 72. e5 f3 73. e6 f2 74. e7 f1=Q+ 75. Kg7 Qa1+ 76. Kf8 Qf6+ 77. Ke8 Kf5 78. Kd7 Qe6+ 79. Kd8 Qd6+ 80. Ke8 Kf6 0-1

[Event "*** Titled Tuesday Blitz"]
[Site "Chess.com"]
[Date "2020.04.07"]
[Round "2"]
[White "hansen"]
[Black "troisi"]
[Result "1-0"]
[WhiteElo "3025"]
[BlackElo "2037"]
[TimeControl "180+1"]
[EndTime "13:21:40 PDT"]
[Termination "hansen won by checkmate"]

1. e4 e5 2. Nf3 Nc6 3. Bb5 a6 4. Ba4 Nf6 5. O-O b5 6. Bb3 Bc5 7. d3 d6 8. a3 h6 9. Nc3 O-O 10.
Nd5 Be6 11. Bd2 Nd4 12. Nxd4 Bxd4 13. c3 Ba7 14. Kh1 c6 15. Nxf6+ Qxf6 16. Bc2 d5 17.
Qe2 dxe4 18. dxe4 Bc4 19. Bd3 Bxd3 20. Qxd3 Rfd8 21. Qe2 Rd7 22. Rae1 Rad8 23. Bc1 Rd3 24.
g3 c5 25. Be3 Bb6 26. Kg2 c4 27. Bc1 Qg6 28. h4 R8d6 29. h5 Qe6 30. Rd1 Qd7 31.
Rde1 a5 32. Qc2 Bc5 33. Qe2 b4 34. axb4 axb4 35. Qc2 b3 36. Qe2 Qc6 37. Qg4 Rf6 38. Re2 Qd6 39. Rfe1 Rd1 40. Kf1 Bb6 41. Qc8+ Kh7 42.
Qxc4 Rxe1+ 43. Kxe1 Qd7 44. Be3 Bxe3 45. Rxe3 Qg4 46.
Qe2 Qh3 47. c4 Rd6 48. Rd3 Qh1+ 49. Kd2 Rc6 50. Rxb3 Qb1 51. Qd3 Qg1 52. Ke2 Rf6 53.
Qe3 Qh1 54. c5 Qxh5+ 55. Kd2 Qh1 56. Rc3 Qb1 57. Rc2 Qf1 58. Kc3 Qg2 59. Kc4 Rf3 60. Qe2 Rf6 61. Kb5 Qg1 62. c6 Qa1 63. c7 Qa6+ 64. Kb4 Rb6+ 65. Kc5 Rc6+ 66. Kd5 Qxe2 67. Rxe2 Rxc7 68. b4 Kg6 69. Rb2 Kf6 70. b5 h5 71.
b6 Rd7+ 72. Kc6 Rd8 73. b7 Rb8 74. Rb5 Re8 75. Kd7 Re7+ 76. Kd8 Re6 77. b8=Q g5 78.
Rb6 h4 79. Rxe6+ fxe6 80. gxh4 gxh4 81. Qc7 Kg5 82. Qh7 Kg4 83. Ke7 h3 84. Kxe6 Kf3 85. Kxe5 Kxf2 86. Qxh3 Kg1 87. Qf3 Kh2 88. Kf4 Kg1 89.
Qe2 Kh1 90. Kg3 Kg1 91. Qe1# 1-0